TOP OF THE 1ST |
Balzac Rams batting - Pitching for San Diego Smashers : RHP Luis Trevino
|
Pitching: RHP Luis Trevino
|
|
Batting: RHB Thomas Christopher
|
0-0: Foul Ball, location: 2F 0-1: Fly out, F9 (Flyball, 89XD)
|
Batting: RHB Dave Craig
|
0-0: Called Strike 0-1: Ground out 1-3 (Groundball, 13)
|
Batting: LHB José Berroa
|
0-0: Ball 1-0: Swinging Strike 1-1: Swinging Strike 1-2: Ball 2-2: Ball 3-2: Base on Balls
|
Batting: LHB Colt Pope
|
0-0: Ground out 6-3 (Groundball, 6)
|
Top of the 1st over - 0 run(s), 0 hit(s), 0 error(s), 1 left on base; Balzac 0 - San Diego 0 |
BOTTOM OF THE 1ST |
San Diego Smashers batting - Pitching for Balzac Rams : RHP Andrew Barnard
|
Pitching: RHP Andrew Barnard
|
|
Batting: RHB Jorge Collazo
|
0-0: Ball 1-0: Ground out U3 (Groundball, 3)
|
Batting: RHB Justin Burgess
|
0-0: Ball 1-0: Foul Ball, location: 2F 1-1: Ball 2-1: Foul Ball, location: 2F 2-2: Foul Ball, location: 2F 2-2: Ball 3-2: Strikes out looking
|
Batting: LHB Noriaki Sangi
|
0-0: Called Strike 0-1: Ground out U3 (Groundball, 3L)
|
Bottom of the 1st over - 0 run(s), 0 hit(s), 0 error(s), 0 left on base; Balzac 0 - San Diego 0 |
TOP OF THE 2ND |
Balzac Rams batting - Pitching for San Diego Smashers : RHP Luis Trevino
|
Batting: RHB Enrico Ramos
|
0-0: Called Strike 0-1: Ball 1-1: Ball 2-1: Ball 3-1: Foul Ball, location: 2F 3-2: Foul Ball, location: 2F 3-2: Ground out 3-1 (Groundball, 34S)
|
Batting: RHB Ramón Torres
|
0-0: Ball 1-0: Ball 2-0: Swinging Strike 2-1: Foul Ball, location: 2F 2-2: Ball 3-2: Foul Ball, location: 2F 3-2: Base on Balls
|
Batting: RHB Manuel Pérez
|
0-0: Called Strike 0-1: Called Strike 0-2: Hit by Pitch Ramón Torres to second
|
Batting: LHB William Wolf
|
0-0: Ball Ramón Torres steals 3rd base Manuel Pérez to second 1-0: Called Strike 1-1: Called Strike 1-2: Ball 2-2: Strikes out swinging
|
Batting: RHB Shawn Bane
|
0-0: Ball 1-0: Swinging Strike 1-1: Ball 2-1: Ball 3-1: Foul Ball, location: 2F 3-2: Base on Balls
|
Batting: RHB Thomas Christopher
|
0-0: Foul Ball, location: 2F 0-1: Ball 1-1: Ball 2-1: Ground out 6-3 (Groundball, 6)
|
Top of the 2nd over - 0 run(s), 0 hit(s), 0 error(s), 3 left on base; Balzac 0 - San Diego 0 |
BOTTOM OF THE 2ND |
San Diego Smashers batting - Pitching for Balzac Rams : RHP Andrew Barnard
|
Batting: LHB Jeffrey Bascombe
|
0-0: Ball 1-0: Ball 2-0: Called Strike 2-1: Called Strike 2-2: Foul Ball, location: 2F 2-2: Ball 3-2: Foul Ball, location: 2F 3-2: Strikes out swinging
|
Batting: RHB Francisco Castillo
|
0-0: Ball 1-0: Ball 2-0: Foul Ball, location: 2F 2-1: Foul Ball, location: 2F 2-2: Strikes out swinging
|
Batting: RHB Marty Hendrickson
|
0-0: Ball 1-0: Swinging Strike 1-1: Fly out, F9 (Flyball, 89S)
|
Bottom of the 2nd over - 0 run(s), 0 hit(s), 0 error(s), 0 left on base; Balzac 0 - San Diego 0 |
TOP OF THE 3RD |
Balzac Rams batting - Pitching for San Diego Smashers : RHP Luis Trevino
|
Batting: RHB Dave Craig
|
0-0: Ground out 5-3 (Groundball, 56)
|
Batting: LHB José Berroa
|
0-0: Ball 1-0: Ball 2-0: Called Strike 2-1: Ball 3-1: SINGLE (Flyball, 78S)
|
Batting: LHB Colt Pope
|
0-0: Swinging Strike 0-1: Ball 1-1: Ball 2-1: Grounds into double play, 6-4-3 (Groundball, 6)
|
Top of the 3rd over - 0 run(s), 1 hit(s), 0 error(s), 0 left on base; Balzac 0 - San Diego 0 |
BOTTOM OF THE 3RD |
San Diego Smashers batting - Pitching for Balzac Rams : RHP Andrew Barnard
|
Batting: LHB Alfredo Fernández
|
0-0: Called Strike 0-1: Ball 1-1: Fly out, F6 (Popup, 56D)
|
Batting: RHB Manuel Muńóz
|
0-0: Foul Ball, location: 2F 0-1: Ball 1-1: Fly out, F7 (Flyball, 78M)
|
Batting: SHB Adrián Nieto
|
0-0: Foul Ball, location: 2F 0-1: Swinging Strike 0-2: Strikes out swinging
|
Bottom of the 3rd over - 0 run(s), 0 hit(s), 0 error(s), 0 left on base; Balzac 0 - San Diego 0 |
TOP OF THE 4TH |
Balzac Rams batting - Pitching for San Diego Smashers : RHP Luis Trevino
|
Batting: RHB Enrico Ramos
|
0-0: Ball 1-0: Ball 2-0: Ball 3-0: Base on Balls
|
Batting: RHB Ramón Torres
|
0-0: Called Strike 0-1: 2-RUN HOME RUN (Flyball, 7D), Distance : 351 ft
|
Batting: RHB Manuel Pérez
|
0-0: Ball 1-0: Called Strike 1-1: Ball 2-1: SINGLE (Line Drive, 4D)
|
Batting: LHB William Wolf
|
0-0: Swinging Strike 0-1: Foul Ball, location: 2F 0-2: Ball 1-2: Strikes out swinging
|
Batting: RHB Shawn Bane
|
0-0: Ball Manuel Pérez is caught stealing 2nd base 1-0: Ball 2-0: Fly out, F7 (Flyball, 78D)
|
Top of the 4th over - 2 run(s), 2 hit(s), 0 error(s), 0 left on base; Balzac 2 - San Diego 0 |
BOTTOM OF THE 4TH |
San Diego Smashers batting - Pitching for Balzac Rams : RHP Andrew Barnard
|
Batting: RHB Jorge Collazo
|
0-0: Ball 1-0: Called Strike 1-1: Called Strike 1-2: DOUBLE (Flyball, 8LM)
|
Batting: RHB Justin Burgess
|
0-0: Ball 1-0: Called Strike 1-1: SINGLE (Line Drive, 78S) Jorge Collazo to third
|
Batting: LHB Noriaki Sangi
|
0-0: Called Strike 0-1: Ball 1-1: SINGLE (Flyball, 6D) Jorge Collazo scores Justin Burgess to second
|
Batting: LHB Jeffrey Bascombe
|
0-0: Swinging Strike 0-1: Grounds into double play, 6-4-3 (Groundball, 6) Justin Burgess to third
|
Batting: RHB Francisco Castillo
|
0-0: Ball 1-0: Ball 2-0: Called Strike 2-1: Called Strike 2-2: Ball 3-2: Ground out 2-3 (Groundball, 25)
|
Bottom of the 4th over - 1 run(s), 3 hit(s), 0 error(s), 1 left on base; Balzac 2 - San Diego 1 |
TOP OF THE 5TH |
Balzac Rams batting - Pitching for San Diego Smashers : RHP Luis Trevino
|
Batting: RHB Thomas Christopher
|
0-0: Called Strike 0-1: Ball 1-1: Called Strike 1-2: Foul Ball, location: 2F 1-2: Foul Ball, location: 2F 1-2: Foul Ball, location: 2F 1-2: Ball 2-2: Ball 3-2: Strikes out looking
|
Batting: RHB Dave Craig
|
0-0: Ball 1-0: Foul Ball, location: 2F 1-1: Swinging Strike 1-2: Ball 2-2: Ball 3-2: Strikes out swinging
|
Batting: LHB José Berroa
|
0-0: Foul Ball, location: 2F 0-1: Foul Ball, location: 2F 0-2: Foul Ball, location: 2F 0-2: Fly out, F4 (Line Drive, 34)
|
Top of the 5th over - 0 run(s), 0 hit(s), 0 error(s), 0 left on base; Balzac 2 - San Diego 1 |
BOTTOM OF THE 5TH |
San Diego Smashers batting - Pitching for Balzac Rams : RHP Andrew Barnard
|
Batting: RHB Marty Hendrickson
|
0-0: Called Strike 0-1: Ground out 6-3 (Groundball, 6)
|
Batting: LHB Alfredo Fernández
|
0-0: SINGLE (Line Drive, 8LS)
|
Batting: RHB Manuel Muńóz
|
0-0: Ball 1-0: Ball Alfredo Fernández steals 2nd base 2-0: Called Strike 2-1: Foul Ball, location: 2F 2-2: Ball 3-2: Base on Balls
|
Batting: SHB Adrián Nieto
|
0-0: Ball 1-0: Called Strike 1-1: Grounds into double play, 4-6-3 (Groundball, 4)
|
Bottom of the 5th over - 0 run(s), 1 hit(s), 0 error(s), 1 left on base; Balzac 2 - San Diego 1 |
TOP OF THE 6TH |
Balzac Rams batting - Pitching for San Diego Smashers : RHP Luis Trevino
|
Batting: LHB Colt Pope
|
0-0: Fly out, F8 (Flyball, 8LM)
|
Batting: RHB Enrico Ramos
|
0-0: Foul Ball, location: 2F 0-1: Ball 1-1: Ball 2-1: Foul Ball, location: 2F 2-2: Ball 3-2: Ground out 4-3 (Groundball, 6M)
|
Batting: RHB Ramón Torres
|
0-0: Hit by Pitch
|
Pitching: RHP Arthur Sullivan
|
|
Batting: RHB Manuel Pérez
|
0-0: Ball 1-0: Ball 2-0: Swinging Strike 2-1: Foul Ball, location: 2F 2-2: Foul Ball, location: 2F 2-2: Foul Ball, location: 2F 2-2: Ball 3-2: SINGLE (Line Drive, 34D) Ramón Torres to second Ramón Torres to third
|
Batting: LHB William Wolf
|
0-0: Called Strike 0-1: Foul Ball, location: 2F 0-2: Fly out, F8 (Flyball, 8LM)
|
Top of the 6th over - 0 run(s), 1 hit(s), 0 error(s), 2 left on base; Balzac 2 - San Diego 1 |
BOTTOM OF THE 6TH |
San Diego Smashers batting - Pitching for Balzac Rams : RHP Andrew Barnard
|
Batting: RHB Jorge Collazo
|
0-0: Swinging Strike 0-1: Foul Ball, location: 2F 0-2: Foul Ball, location: 2F 0-2: Ball 1-2: Ball 2-2: Strikes out swinging
|
Batting: RHB Justin Burgess
|
0-0: Ground out 4-3 (Groundball, 4)
|
Batting: LHB Noriaki Sangi
|
0-0: Ball 1-0: Ball 2-0: Called Strike 2-1: Ball 3-1: Base on Balls
|
Batting: LHB Jeffrey Bascombe
|
0-0: Ball 1-0: Swinging Strike 1-1: Swinging Strike 1-2: Strikes out swinging
|
Bottom of the 6th over - 0 run(s), 0 hit(s), 0 error(s), 1 left on base; Balzac 2 - San Diego 1 |
TOP OF THE 7TH |
Balzac Rams batting - Pitching for San Diego Smashers : RHP Arthur Sullivan
|
Batting: RHB Shawn Bane
|
0-0: Ball 1-0: Fly out, F4 (Popup, 4M)
|
Batting: RHB Thomas Christopher
|
0-0: Ball 1-0: Ball 2-0: Swinging Strike 2-1: Foul Ball, location: 2F 2-2: Strikes out swinging
|
Batting: RHB Dave Craig
|
0-0: Ground out 5-3 (Groundball, 5)
|
Top of the 7th over - 0 run(s), 0 hit(s), 0 error(s), 0 left on base; Balzac 2 - San Diego 1 |
BOTTOM OF THE 7TH |
San Diego Smashers batting - Pitching for Balzac Rams : RHP Andrew Barnard
|
Batting: RHB Francisco Castillo
|
0-0: Called Strike 0-1: Ball 1-1: Ball 2-1: Ball 3-1: Foul Ball, location: 2F 3-2: Base on Balls
|
Pinch Hitting: SHB Yoshitoki Kouda
|
0-0: Bunted foul 0-1: Bunt missed! 0-2: Ball 1-2: Ball 2-2: Ball 3-2: Foul Ball, location: 2F 3-2: Base on Balls Francisco Castillo to second
|
Pitching: RHP José Cota
|
|
Batting: LHB Alfredo Fernández
|
0-0: Fly out, F5 (Popup, 5F)
|
Batting: RHB Manuel Muńóz
|
0-0: Called Strike 0-1: Ball 1-1: Foul Ball, location: 2F 1-2: Strikes out swinging
|
Batting: SHB Adrián Nieto
|
0-0: Ball 1-0: Called Strike 1-1: Swinging Strike 1-2: Ball 2-2: Ball 3-2: Base on Balls Francisco Castillo to third Yoshitoki Kouda to second
|
Pinch Hitting: SHB José González
|
0-0: Ball 1-0: Fly out, F6 (Popup, 6D)
|
Bottom of the 7th over - 0 run(s), 0 hit(s), 0 error(s), 3 left on base; Balzac 2 - San Diego 1 |
TOP OF THE 8TH |
Balzac Rams batting - Pitching for San Diego Smashers : RHP Arthur Sullivan
|
Pitching: LHP Júlio Castillo
|
|
Now at 2B: José González
|
|
Now in RF: Yoshitoki Kouda
|
|
Batting: LHB José Berroa
|
0-0: Ball 1-0: Swinging Strike 1-1: Called Strike 1-2: Foul Ball, location: 2F 1-2: Ball 2-2: Strikes out swinging
|
Pitching: RHP Pepe Guillén
|
|
Batting: LHB Colt Pope
|
0-0: Called Strike 0-1: Fly out, F7 (Flyball, 78M)
|
Batting: RHB Enrico Ramos
|
0-0: Called Strike 0-1: Ground out 6-3 (Groundball, 6M)
|
Top of the 8th over - 0 run(s), 0 hit(s), 0 error(s), 0 left on base; Balzac 2 - San Diego 1 |
BOTTOM OF THE 8TH |
San Diego Smashers batting - Pitching for Balzac Rams : RHP José Cota
|
Pitching: RHP David Elías
|
|
Batting: RHB Justin Burgess
|
0-0: Ball 1-0: Ball 2-0: Called Strike 2-1: Fly out, F6 (Popup, 56D)
|
Batting: LHB Noriaki Sangi
|
0-0: Ball 1-0: Ball 2-0: Ball 3-0: Base on Balls
|
Pinch Runner at 1st Armando Cruz:
|
|
Batting: LHB Jeffrey Bascombe
|
0-0: Called Strike 0-1: Grounds into double play, 1-6-3 (Groundball, 25)
|
Bottom of the 8th over - 0 run(s), 0 hit(s), 0 error(s), 0 left on base; Balzac 2 - San Diego 1 |
TOP OF THE 9TH |
Balzac Rams batting - Pitching for San Diego Smashers : RHP Pepe Guillén
|
Now at 1B: John Bryant
|
|
Batting: RHB Ramón Torres
|
0-0: Swinging Strike 0-1: Ball 1-1: Swinging Strike 1-2: Ball 2-2: Ball 3-2: Base on Balls
|
Pinch Hitting: RHB Tokuhei Kobayashi
|
0-0: Called Strike 0-1: Ball Ramón Torres steals 2nd base 1-1: Intentional Walk
|
Batting: LHB William Wolf
|
0-0: Ball 1-0: Fielders Choice at 2nd, 6-4 (Groundball, 6) Ramón Torres to third
|
Batting: RHB Shawn Bane
|
0-0: Ball 1-0: Called Strike 1-1: Ball William Wolf steals 2nd base 2-1: Foul Ball, location: 2F 2-2: Strikes out swinging
|
Batting: RHB Thomas Christopher
|
0-0: Ball 1-0: Called Strike 1-1: SINGLE (Groundball, 4MD) Ramón Torres scores William Wolf to third Runner from 3rd tries for Home, SAFE, no throw or cutoff
|
Batting: RHB Dave Craig
|
0-0: Called Strike 0-1: Ball 1-1: Foul Ball, location: 2F 1-2: Foul Ball, location: 2F 1-2: Foul Ball, location: 2F 1-2: Ball 2-2: Ground out 6-3 (Groundball, 6)
|
Top of the 9th over - 2 run(s), 1 hit(s), 0 error(s), 1 left on base; Balzac 4 - San Diego 1 |
BOTTOM OF THE 9TH |
San Diego Smashers batting - Pitching for Balzac Rams : RHP David Elías
|
Pitching: RHP Shiki Kanno
|
|
Now at 3B: Tokuhei Kobayashi
|
|
Batting: RHB Francisco Castillo
|
0-0: Ball 1-0: Ball 2-0: Ground out 2-3 (Groundball, 23)
|
Batting: SHB Yoshitoki Kouda
|
0-0: Fly out, F8 (Line Drive, 8LXD)
|
Batting: LHB Alfredo Fernández
|
0-0: Swinging Strike 0-1: Foul Ball, location: 2F 0-2: Ball 1-2: Strikes out looking
|
Bottom of the 9th over - 0 run(s), 0 hit(s), 0 error(s), 0 left on base; Balzac 4 - San Diego 1 |
|